 Dungeon Crawl Stone Soup version 0.31-a0-1424-g2add1c7226 (webtiles) character file.

Game seed: 4230867533796352860

12829 Sonofthefire the Fighter (level 11, -1/81 HPs)
             Began as an Octopode Shapeshifter on Dec 26, 2023.
             Was a Believer of Dithmenos.
             Slain by a demonic crawler (3 damage)
             ... on level 10 of the Dungeon on Dec 27, 2023.
             The game lasted 00:18:25 (10591 turns).

Sonofthefire the Fighter (Octopode Shapeshifter)   Turns: 10591, Time: 00:18:26

Health: -1/81      AC:  2    Str: 22    XL:     11   Next: 99%
Magic:  11/11      EV: 21    Int: 12    God:    Dithmenos [**....]
Gold:   371        SH:  0    Dex: 14    Spells: 10/10 levels left

rFire   + .          .
                       - Unarmed
rCold   + . .        (shield currently unavailable)
rNeg    . . .        z - +1 hat "Zixij" {rElec rF+ Str+4}
rPois   .            (no amulet)
rElec   +            e - ring of protection from cold
rCorr   .            k - ring of see invisible
SInv    +            w - +4 ring of slaying
Will    .....        (no ring)
Stlth   +            (no ring)
HPRegen 0.33/turn    (no ring)
MPRegen 0.12/turn    (no ring)
                     (no ring)

%: no passive effects
@: about to teleport, flux-form, glowing
A: glow, contaminating, almost no armour, amphibious, 8 rings, camouflage 1,
gelatinous body 1, (nimble swimmer 1), tentacles, tentacle spike 1, strong 1,
wild magic 1
a: Begin Untransformation, Renounce Religion, Shadow Step


You were on level 10 of the Dungeon.
You worshipped Dithmenos.
Dithmenos was pleased with you.
You were something dangerously unstable.
You visited 2 branches of the dungeon, and saw 11 of its levels.
You also visited: Sewer.

You collected 371 gold pieces.

Inventory:

Missiles
 A - 2 throwing nets
Armour
 z - the +1 hat "Zixij" (worn) {rElec rF+ Str+4}
   (You found it on level 8 of the Dungeon)

   Str+4:     It affects your strength (+4).
   rF+:       It protects you from fire.
   rElec:     It insulates you from electricity.
Jewellery
 e - a ring of protection from cold (left tentacle)
 k - a ring of see invisible (right tentacle)
 w - a +4 ring of slaying (on tentacle)
Talismans
 b - a beast talisman
 c - a flux talisman (active)
Wands
 o - a wand of flame (33)
 q - a wand of charming (5)
 r - a wand of mindburst (7)
 u - a wand of iceblast (10)
 B - a wand of polymorph (4)
Scrolls
 a - a scroll of immolation
 d - 2 scrolls of amnesia
 f - 4 scrolls of teleportation
 g - a scroll of identify
 i - 2 scrolls of fear {unknown}
 j - 2 scrolls of poison {unknown}
 l - 5 scrolls of revelation {unknown}
 m - 4 scrolls of enchant armour {unknown}
 n - a scroll of enchant weapon {unknown}
 s - a scroll of vulnerability {unknown}
 v - a scroll of torment {unknown}
 y - a scroll of summoning {unknown}
Potions
 h - a potion of curing
 p - 2 potions of attraction
 t - a potion of ambrosia
 x - a potion of mutation
 C - a potion of enlightenment


   Skills:
 + Level 10.2 Fighting
 + Level 9.9 Dodging
 + Level 10.1 Unarmed Combat
 + Level 9.3 Shapeshifting


You had 10 spell levels left.
You didn't know any spells.
Your spell library contained the following spells:

 Spells                   Type           Power      Damage    Failure   Level
 Freeze                   Ice            0%         1d3       41%         1
 Sting                    Conj/Alch      0%         1d3       41%         1
 Blink                    Tloc           0%         N/A       54%         2
 Call Imp                 Summ           0%         N/A       54%         2
 Lesser Beckoning         Tloc           0%         N/A       54%         2
 Momentum Strike          Conj/Tloc      0%         3d8       54%         2
 Sublimation of Blood     Necr           0%         N/A       54%         2
 Frozen Ramparts          Ice            0%         1d1       77%         3
 Hailstorm                Conj/Ice       0%         3d5       77%         3
 Volatile Blastmotes      Fire/Tloc      0%         2d10      77%         3
 Fulminant Prism          Conj/Alch      0%         3d5       98%         4
 Iskenderun's Mystic Bla  Conj/Tloc      0%         2d3       98%         4
 Summon Hydra             Summ           0%         N/A       100%        7


Dungeon Overview and Level Annotations

Branches:
Dungeon (10/15)            Temple (1/1) D:4           Sewer (visited)
   Lair: D:8-11         Orc: D:9-12

Altars:
Ashenzari
Cheibriados
Dithmenos
Elyvilon
Fedhas
Gozag
Hepliaklqana
Kikubaaqudgha
Makhleb
Nemelex Xobeh
Okawaru
Qazlal
Ru
Sif Muna
Trog
Uskayaw
Vehumet
Wu Jian
Xom
Yredelemnul
Zin
The Shining One

Shops:
D:4 [


Innate Abilities, Weirdness & Mutations

You are something dangerously unstable.
You glow with magical radiation, making you easy to see and hit.
Foes you strike become dangerously contaminated with magical radiation.
You are incapable of wielding weapons or throwing items.
You cannot wear most types of armour.
You are amphibious.
You can wear up to eight rings at the same time.
Your skin changes colour to match your surroundings (Stealth+).
Your rubbery body absorbs attacks. (AC +1, EV +1)
((You are camouflaged when in or above water. (Stealth+)))
You have tentacles for arms and can constrict up to eight enemies at once.
One of your tentacles bears a spike.
Your muscles are strong. (Str +4, Int/Dex -1)
Your spells are a little harder to cast, but a little more powerful.


Message History

You are yanked forward by the harpoon shot.
Floosh!
The orc misses you.
Things that are here:
a +0 whip; an orc corpse You tentacle-slap the orc but do no damage.
The orc begins to glow.
You grab the orc.
You pierce the orc, but do no damage.
You squeeze the orc, but do no damage. You constrict the orc.
The swamp worm bites you! The orc barely misses you.
You tentacle-slap the orc but do no damage.
The orc glows dangerously bright.
You pierce the orc, but do no damage.
You squeeze the orc.
The orc is heavily wounded.
You constrict the orc, but do no damage.
The demonic crawler closely misses you.
The demonic crawler completely misses you.
The demonic crawler hits you!
* * * LOW HITPOINT WARNING * * *
The swamp worm barely misses you.
Okay, then.
As you read the scroll of teleportation, it crumbles to dust.
You feel strangely unstable.
You constrict the orc.
The swamp worm bites the plant!
The plant begins to die.
The demonic crawler hits you.
* * * LOW HITPOINT WARNING * * *
The demonic crawler barely misses you.
The demonic crawler completely misses you.
The swamp worm bites the plant!
The orc misses you. The swamp worm misses you.
The swamp worm bites the plant.
The demonic crawler hits you!
* * * LOW HITPOINT WARNING * * *
The demonic crawler misses you. x2; The swamp worm bites the plant!!
You release your grip on the orc.
The orc barely misses you.
The swamp worm attacks as it pursues you!
The swamp worm barely misses you.
Things that are here:
a +0 short sword; a +0 leather armour; an orc corpse The orc attacks as it pursues you!
The orc completely misses you.
The demonic crawler attacks as it pursues you!
The demonic crawler barely misses you. The demonic crawler hits you.
You die...

..# .[# # ##.. .# #..#
.#.#.#######
#.##.#......
#.#~~~~~####### #
##.~~≈~≈~))op..#
#####~~~~###~~~s##.####
#...~~≈### ###≈w~......
#.#.~≈## #Pww#.###.
..##~~# ~~~~~# #
....~≈# ~~~#P~~#
####~~~# #~###≈~~# .
..~~~~# ~~~## #
##.##~~≈~≈ ~###


You could see a demonic crawler, 2 swamp worms and an orc (heavy contam).

Vanquished Creatures
  3 two-headed ogres
  Pikel (D:5)
  Joseph (D:7)
  2 trolls (D:9)
  A hornet (D:8)
  Grinder (D:3)
  A shadow (D:6)
  3 wyverns
  7 yaks
  A steam dragon (D:8)
  An acid dragon (D:7)
  A sky beast (D:8)
  Pargi (Sewer)
  A black bear (D:7)
  An ice beast (D:6)
  3 orc warriors
  An ogre (D:5)
  2 centaurs
  4 lemures (D:5)
  A brain worm (Sewer)
  2 gnoll sergeants
  A bullfrog (D:8)
  11 wights
  16 killer bees
  4 howler monkeys
  A jelly (Sewer)
  Crazy Yiuf (D:3)
  2 bombardier beetles (D:6)
  An orc priest (D:10)
  2 hounds (D:5)
  Natasha (thrice) (D:3)
  A gnoll bouda (D:6)
  An iguana (D:4)
  2 sleepcaps
  8 orc wizards
  16 gnolls
  11 adders
  2 shadow imps
  4 ufetubi (D:6)
  3 worms
  2 dart slugs (D:2)
  30 orcs
  11 endoplasms
  5 giant cockroaches
  3 hobgoblins (D:1)
  2 jackals (D:1)
  4 quokkas
  8 ball pythons
  2 bats
  6 frilled lizards
  14 goblins
  10 kobolds
  8 rats
234 creatures vanquished.

Notes
Turn   | Place    | Note
-------+----------+-------------------------------------------
     0 | D:1      | Sonofthefire the Octopode Shapeshifter began the quest for
                  | the Orb.
     0 | D:1      | Reached XP level 1. HP: 13/13 MP: 1/1
   184 | D:1      | Reached XP level 2. HP: 18/19 MP: 2/2
   443 | D:1      | Reached XP level 3. HP: 24/25 MP: 3/3
   950 | D:2      | Found a hide-covered altar of Uskayaw.
  1039 | D:2      | Reached XP level 4. HP: 20/31 MP: 4/4
  1287 | D:2      | Found a faded altar of an unknown god.
  1293 | D:2      | Got Plato's Precepts of the Gift
  1872 | D:3      | Noticed Natasha
  1872 | D:3      | Noticed Grinder
  2049 | D:3      | Found a glowing drain.
  2069 | Sewer    | Entered a sewer
  2069 | Sewer    | Noticed a brain worm
  2075 | Sewer    | Gained mutation: You are robust. (+10% HP) [potion of
                  | mutation]
  2075 | Sewer    | Gained mutation: You possess an exceptional clarity of
                  | mind. [potion of mutation]
  2086 | Sewer    | Killed a brain worm
  2087 | Sewer    | Reached XP level 5. HP: 9/40 MP: 2/5
  2210 | Sewer    | Noticed Pargi
  2364 | Sewer    | Killed Pargi
  2365 | Sewer    | Reached XP level 6. HP: 16/47 MP: 6/6
  2731 | D:3      | Paralysed by Grinder for 2 turns
  2743 | D:3      | Killed Grinder
  2744 | D:3      | Reached XP level 7. HP: 8/53 MP: 7/7
  2916 | D:3      | Killed Natasha
  3036 | D:3      | Noticed Natasha
  3292 | D:3      | Killed Natasha
  3338 | D:3      | Found a runed translucent door.
  3339 | D:3      | Noticed Crazy Yiuf
  3411 | D:3      | Noticed Natasha
  3418 | D:3      | Killed Natasha
  3727 | D:3      | Killed Crazy Yiuf
  3992 | D:4      | Found a staircase to the Ecumenical Temple.
  4002 | Temple   | Entered the Ecumenical Temple
  4009 | Temple   | Became a worshipper of Dithmenos the Shadowed
  4059 | D:4      | Reached skill level 5 in Fighting
  4184 | D:4      | Found Cyrol's Armour Shoppe.
  4562 | D:5      | Entered Level 5 of the Dungeon
  4588 | D:5      | Reached skill level 5 in Unarmed Combat
  4623 | D:5      | Reached XP level 8. HP: 17/60 MP: 8/8
  4766 | D:5      | Lost mutation: You possess an exceptional clarity of mind.
                  | [potion of mutation]
  4766 | D:5      | Lost mutation: You are robust. (+10% HP) [potion of
                  | mutation]
  4766 | D:5      | Gained mutation: One of your tentacles bears a spike.
                  | [potion of mutation]
  4766 | D:5      | Gained mutation: Your spells are a little harder to cast,
                  | but a little more powerful. [potion of mutation]
  4766 | D:5      | Gained mutation: Your muscles are strong. (Str +4, Int/Dex
                  | -1) [potion of mutation]
  5198 | D:5      | Noticed Pikel
  5205 | D:5      | Killed Pikel
  5206 | D:5      | Reached skill level 5 in Dodging
  5206 | D:5      | Reached skill level 5 in Shapeshifting
  5918 | D:6      | Noticed a shadow
  5925 | D:6      | Killed a shadow
  5926 | D:6      | Reached XP level 9. HP: 54/62 MP: 9/9
  6299 | D:6      | Reached * piety under Dithmenos
  7127 | D:7      | Noticed Joseph
  7139 | D:7      | Killed Joseph
  8165 | D:8      | Reached XP level 10. HP: 68/71 MP: 10/10
  8411 | D:8      | Reached ** piety under Dithmenos
  8550 | D:8      | Paralysed by a hornet for 2 turns
  8647 | D:8      | Identified the +1 hat "Zixij" {rElec rF+ Str+4}
  8779 | D:8      | Noticed a lindwurm
  8794 | D:8      | Noticed a lindwurm
  8810 | D:8      | Noticed a lindwurm
  8818 | D:8      | Reached XP level 11. HP: 80/80 MP: 11/11
  8829 | D:8      | Noticed a lindwurm
  8939 | D:8      | Found a broken altar of Ashenzari.
  8946 | D:8      | Found a hazy altar of Hepliaklqana.
  9310 | D:9      | Noticed a two-headed ogre
  9335 | D:9      | Killed a two-headed ogre
  9596 | D:9      | Noticed a two-headed ogre
  9610 | D:9      | Killed a two-headed ogre
  9747 | D:9      | Reached skill level 10 in Fighting
  9952 | D:9      | Reached skill level 10 in Unarmed Combat
 10431 | D:10     | Entered Level 10 of the Dungeon
 10434 | D:10     | Noticed a two-headed ogre
 10440 | D:10     | Killed a two-headed ogre
 10584 | D:10     | Noticed a demonic crawler
 10589 | D:10     | HP: 2/81 [demonic crawler (10)]
 10591 | D:10     | Slain by a demonic crawler

Illustrated notes

Levels and vault maps discovered:
D:1:      beargit_arrival_greenhouse, layout_basic, solitary_fountain,
          moated_statue, minmay_unequal
D:2:      layout_basic, shapermc_ecumenical_altar_rom_forum, basic_altar,
          minmay_pentomino_v4
D:3:      layout_loops_cross, portal_sewer_entry_b,
          amcnicky_mini_corridor_feature, uniq_crazy_yiuf_cottage, uniq_natasha,
          uniq_grinder
D:4:      layout_basic, minmay_temple_entry_mini_moons, serial_shops,
          kennysheep_mini
D:5:      layout_loops_ring, kennysheep_generic_room_7, uniq_pikel
D:6:      layout_loops_corners
D:7:      layout_basic, uniq_joseph
D:8:      minmay_octagon_keep, layout_rooms, mainiacjoe_overflow_big_doors,
          minmay_lindwurm_lava
D:9:      layout_rooms, minmay_misc_feat_diagonals
D:10:     layout_loops_ring, david_orc_3, chequers_serial_rivers_large_a,
          worms_lemuel
Temple:   nicolae_temple_bog_church

Skill      XL: |  1  2  3  4  5  6  7  8  9 10 11 |
---------------+----------------------------------+-----
Fighting       | 2 3 4 5 6 7 9 10 | 10.2
Dodging        | 3 4 5 7 9 |  9.9
Unarmed Combat | 4 5 6 7 9 10 | 10.1
Shapeshifting  | 4 5 6 8 9 |  9.3

Action                     |  1- 3 |  4- 6 |  7- 9 | 10-12 || total
---------------------------+-------+-------+-------+-------++-------
  Melee: Unarmed           |    59 |   106 |   206 |   163 ||   534
         Constrict         |    15 |    13 |    55 |    41 ||   124
         Tentacles         |    10 |    11 |    46 |    50 ||   117
         Punch             |     3 |     1 |    12 |     1 ||    17
         Kick              |       |       |    61 |    78 ||   139
    Use: Potion            |     1 |     4 |     5 |     7 ||    17
         Scroll            |       |     3 |     3 |     2 ||     8
   Stab: Sleeping          |     5 |     7 |    11 |     2 ||    25
 Armour: Skin              |    22 |    58 |   105 |    73 ||   258
  Dodge: Dodged            |    36 |    66 |   147 |   197 ||   446
   Form: Flux              |       |       |       |     1 ||     1

Table legend: (Time is in decaauts)
 A = Elapsed time spent in this place.
 B = Non-inter-level travel time spent in this place.
 C = Inter-level travel time spent in this place.
 D = Time resting spent in this place.
 E = Time spent auto-exploring this place.
 F = Levels seen in this place.
 G = Mean time per level.
                   A        B        C        D        E       F      G
               +--------+--------+--------+--------+--------+-----+--------+
         Total |  10487 |  10146 |    341 |   3861 |   4496 |  12 |  873.9 |
       Dungeon |   9914 |   9573 |    341 |   3614 |   4407 |  10 |  991.4 |
        Temple |     14 |     14 |      0 |      0 |      0 |   1 |   14.0 |
         Sewer |    558 |    558 |      0 |    247 |     89 |   1 |  558.0 |
               +--------+--------+--------+--------+--------+-----+--------+

Top non-repeatable levels by time:
     D:6: 1455 daAuts
     D:3: 1255 daAuts
     D:9: 1172 daAuts
     D:5: 1066 daAuts
     D:2: 1064 daAuts
     D:7: 1056 daAuts
     D:8: 1040 daAuts
     D:1: 914 daAuts
     D:4: 730 daAuts
   Sewer: 558 daAuts
    D:10: 157 daAuts
  Temple: 14 daAuts
